 Seeded DCSS version 0.31-a0-182-gc5ef74bbde (webtiles) character file.

Game seed: 3425585917399930565 (custom seed)

30 innerfire43 the Chopper (level 3, -1/29 HPs)
             Began as a Demonspawn Monk on June 20, 2023.
             Slain by a goblin
             ... wielding a +0 dagger
             ... led by Robin
              (3 damage)
             ... on level 2 of the Dungeon.
             The game lasted 00:00:40 (930 turns).

innerfire43 the Chopper (Demonspawn Monk)            Turns: 930, Time: 00:00:42

Health: -1/29      AC:  2    Str: 13    XL:     3   Next: 3%
Magic:  3/3        EV: 12    Int: 11    God:
Gold:   94         SH:  0    Dex: 15    Spells: 2/2 levels left

rFire   . . .        a - +0 hand axe
rCold   . . .        d - orb {light}
rNeg    . . .        b - +0 robe
rPois   .            (no helmet)
rElec   .            (no cloak)
rCorr   .            (no gloves)
SInv    .            (no boots)
Will    .....        (no amulet)
Stlth   +            (no ring)
HPRegen 0.24/turn    (no ring)
MPRegen 0.08/turn

%: no passive effects
@: glowing
A: demonic magic 2
a: no special abilities


You were on level 2 of the Dungeon.
You visited 1 branch of the dungeon, and saw 2 of its levels.

You collected 94 gold pieces.

Inventory:

Hand Weapons
 a - a +0 hand axe (weapon)
Armour
 b - a +0 robe (worn)
 d - an orb of light (worn)
Jewellery
 i - a +4 ring of protection
Scrolls
 f - a scroll of poison {unknown}
 g - a scroll of identify {unknown}
 j - a scroll of noise {unknown}
Potions
 c - a potion of ambrosia
 e - a potion of curing {unknown}
 h - a potion of might {unknown}
 k - a potion of attraction {unknown}


   Skills:
 - Level 3.0 Fighting
 * Level 3.7 Axes
 - Level 2.6 Dodging
 + Level 0.3 Stealth


You had 2 spell levels left.
You didn't know any spells.
Your spell library was empty.

Dungeon Overview and Level Annotations

Branches:
Dungeon (2/15)

Altars:

Annotations:
D:2 Robin


Innate Abilities, Weirdness & Mutations

Spells you cast may paralyse nearby enemies.


Message History

You hit the goblin.
The goblin is severely wounded.
Robin of the Strong Arm comes into view.
They are wielding a +0 whip.
The goblin closely misses you.
You closely miss the goblin.
The goblin is severely wounded.
Robin roars a battlecry!
The goblins go into a battle-frenzy!
The goblin misses you.
You hear a shout!
You hit the goblin.
You kill the goblin!
Robin throws the goblin at you! The goblin closely misses you.
You have reached level 3!
Your experience leads to an increase in your attributes!
Increase (S)trength, (I)ntelligence, or (D)exterity?
You feel stronger. x2; Your demonic ancestry asserts itself...
Your magic grows more menacing.
You hit the goblin but do no damage. You barely miss the goblin.
The goblin hits you with a +0 club. The goblin hits you with a +0 dagger.
You barely miss the goblin. You closely miss the goblin.
The goblin hits you with a +0 club. The goblin hits you but does no damage.
You slash the goblin!
You kill the goblin!
You barely miss the goblin. The goblin completely misses you.
A goblin comes into view. It is wielding a +0 dagger.
The goblin shoots a sling bullet.
The sling bullet hits you but does no damage.
Robin hits you with a +0 whip.
The goblin unwields a +0 sling.
The goblin wields a +0 dagger.
The goblin hits you with a +0 dagger.
Things that are here:
a +0 dagger; a +0 dagger; a goblin corpse You hit the goblin but do no damage.
You hit the goblin. You hit Robin. Robin hits you with a +0 whip.
* * * LOW HITPOINT WARNING * * *
The goblin hits you with a +0 club.
* * * LOW HITPOINT WARNING * * *
A hobgoblin comes into view.
The goblin hits you with a +0 dagger.
You die...

..# ..#
..# ..#
..# ..#
####g.#
#.g@gg#
#.###g#
#.# #
#.# #.#
#.# #<#
###


You could see Robin, a hobgoblin (strong) and 3 goblins.

Vanquished Creatures
  An endoplasm (D:1)
  A giant cockroach (D:1)
  10 goblins
  5 hobgoblins
  A bat (D:1)
  3 frilled lizards (D:1)
  2 kobolds (D:1)
  4 rats (D:1)
27 creatures vanquished.

Notes
Turn   | Place    | Note
-------+----------+-------------------------------------------
     0 | D:1      | innerfire43 the Demonspawn Monk began the quest for the
                  | Orb.
     0 | D:1      | Reached XP level 1. HP: 18/18 MP: 1/1
   319 | D:1      | Gained mutation: Spells you cast may paralyse adjacent
                  | enemies. [demonic ancestry]
   319 | D:1      | Reached XP level 2. HP: 24/24 MP: 2/2
   923 | D:2      | Noticed Robin
   926 | D:2      | Gained mutation: Spells you cast may paralyse nearby
                  | enemies. [demonic ancestry]
   926 | D:2      | Reached XP level 3. HP: 27/29 MP: 3/3
   930 | D:2      | Slain by a goblin

Illustrated notes

Levels and vault maps discovered:
D:1:      dpeg_arrival_more_subterranean_lakeside_camping, layout_basic
D:2:      layout_basic, minmay_small_reverse_x, uniq_terence, uniq_robin

Skill      XL: |  1 |
---------------+----+-----
Axes           | 3 |  3.7
Fighting       | |  3.0
Dodging        | |  2.6
Stealth        | |  0.3

Action                     || total
---------------------------++-------
  Melee: Hand axe          ||    64
 Armour: Robe              ||     9
  Dodge: Dodged            ||    27

Table legend: (Time is in decaauts)
 A = Elapsed time spent in this place.
 B = Non-inter-level travel time spent in this place.
 C = Inter-level travel time spent in this place.
 D = Time resting spent in this place.
 E = Time spent auto-exploring this place.
 F = Levels seen in this place.
 G = Mean time per level.
                   A        B        C        D        E       F      G
               +--------+--------+--------+--------+--------+-----+--------+
         Total |    938 |    920 |     18 |      0 |    774 |   2 |  469.0 |
       Dungeon |    938 |    920 |     18 |      0 |    774 |   2 |  469.0 |
               +--------+--------+--------+--------+--------+-----+--------+

Top non-repeatable levels by time:
     D:1: 920 daAuts
     D:2: 17 daAuts
